[Event "Junior-SM 2025"]
[Site "Uppsala, Sweden"]
[Date "2025.07.02"]
[Round "5.4"]
[White "Karlsson, Stefan"]
[Black "Nilsson, Oliver"]
[Result "0-1"]
[TimeControl "90 min for 40 move + 30 min with an increment of 30 sec starting move 1"]
[WhiteFideId "1771183"]
[BlackFideId "1730177"]
[WhiteElo "2126"]
[BlackElo "2129"]

1. b3 e5 2. Bb2 Nc6 3. c4 Nge7 4. e3 d5 5. cxd5 Nxd5 6. a3 f6 7. Qc2 Be6 8. Nf3 Qd7 9. b4 O-O-O 10. b5 Na5 11. d4 e4 12. Nfd2 f5 13. Nc3 Nb6 14. Na4 Nd5 15. Nc5 Bxc5 16. dxc5 Kb8 17. O-O-O Qe7 18. Bd4 b6 19.
Kb2 Nf6 20. Rc1 Ng4 21. f3 Rxd4 22. exd4 Ne3 23. Qa4 Rd8 24. fxe4 fxe4 25. Re1 Qf6 26. Nxe4 Qf4 27. Bd3 Nac4+ 28. Kc3 Rxd4 29. c6 Rxd3+ 0-1

[Event "Junior-SM 2025"]
[Site "Uppsala, Sweden"]
[Date "2025.07.02"]
[Round "5.5"]
[White "Religa, Marek"]
[Black "Grahn, Vidar"]
[Result "1/2-1/2"]
[TimeControl "90 min for 40 move + 30 min with an increment of 30 sec starting move 1"]
[BlackTitle "FM"]
[WhiteFideId "1750208"]
[BlackFideId "1744780"]
[WhiteElo "2228"]
[BlackElo "2239"]

1. e4 c5 2. Nf3 e6 3. c3 Nf6 4. Bd3 d5 5. e5 Nfd7 6. Bc2 c4 7. d4 cxd3 8. Bxd3 Nc6 9. Qe2 Be7 10. O-O g5 11. Bb5 Rg8 12. Nd4 Qc7 13.
f4 Bc5 14. Bxc6 bxc6 15. fxg5 Qxe5 16. Qf2 Qg7 17. Be3 Ba6 18. Re1 Bxd4 19. cxd4 Nb6 20. b3 Bd3 21. Nd2 Be4 22. Rac1 Rc8 23.
Rc3 f5 24. Rec1 Kd7 25. Nxe4 dxe4 26. Qc2 Ke8 27. Rxc6 Rxc6 28. Qxc6+ Qd7 29. Bf4 Nd5 30. g3 Ke7 31. a3 Rd8 32.
Be5 Kf7 33. Qxd7+ Rxd7 34. Rc8 Ne7 35. Rh8 Kg6 36. h4 Nc6 37. Re8 Nxd4 38. Bxd4 Rxd4 39. Rxe6+ Kh5 40. Kf2 Rd3 41. Rh6+ Kg4 42.
g6 Rf3+ 43. Ke2 hxg6 44. Rxg6+ Kh5 45. Rg5+ Kh6 46. b4 Rxa3 47. Rxf5 Rxg3 48. Rf4 e3 49. b5 Rg7 50. Kxe3 Rb7 51.
Rf5 Rb6 52. Rc5 Kg7 53. Kf4 a6 54. bxa6 Rxa6 55. h5 1/2-1/2

[Event "Junior-SM 2025"]
[Site "Uppsala, Sweden"]
[Date "2025.07.01"]
[Round "4.1"]
[White "Valcu, Lavinia"]
[Black "Sandberg, Lucas"]
[Result "0-1"]
[TimeControl "90 min for 40 move + 30 min with an increment of 30 sec starting move 1"]
[WhiteFideId "1752197"]
[BlackFideId "1773712"]
[WhiteElo "2127"]
[BlackElo "2243"]

1. e4 e6 2. d4 d5 3. Nc3 Nf6 4. e5 Ng8 5. f4 c5 6. Nf3 Nh6 7. Ne2 Nc6 8. c3 Nf5 9. Ng3 Nxg3 10.
hxg3 Qb6 11. a3 a5 12. Bd3 cxd4 13. cxd4 Bd7 14. Qe2 Rc8 15. Be3 Be7 16. Kf2 a4 17. Rac1 Na5 18. Rxc8+ Bxc8 19.
g4 Nc4 20. Bxc4 dxc4 21. Kg3 Qc6 22. d5 Qxd5 23. Rd1 Qc6 24. Nd4 Qa6 25. f5 b5 26. Qf2 h5 27.
f6 gxf6 28. exf6 Bd6+ 29. Bf4 Rg8 30. Kh2 Rxg4 31. Nxe6 Bxf4+ 32. Qxf4 Qxe6 33. Qc7 Rh4+ 34. Kg3 Qg4+ 35. Kf2 Qf4+ 36. Qxf4 Rxf4+ 37. Ke3 Rxf6 38. Rd5 Rf5 0-1

[Event "Junior-SM 2025"]
[Site "Uppsala, Sweden"]
[Date "2025.07.01"]
[Round "4.2"]
[White "Ral Lustig, Melvin"]
[Black "Frank, Anton"]
[Result "1-0"]
[TimeControl "90 min for 40 move + 30 min with an increment of 30 sec starting move 1"]
[WhiteTitle "CM"]
[BlackTitle "CM"]
[WhiteFideId "1764195"]
[BlackFideId "1752383"]
[WhiteElo "2233"]
[BlackElo "2183"]

1. c4 e5 2. Nc3 d6 3. e3 f5 4. d4 Nf6 5. dxe5 dxe5 6. Qxd8+ Kxd8 7. b3 c6 8. Bb2 Bd6 9. O-O-O Ke7 10.
g3 Be6 11. Nf3 Nbd7 12. Ng5 Bg8 13. Bh3 g6 14. e4 h6 15. Nf3 fxe4 16. Nh4 Bf7 17. Bxd7 Nxd7 18. Nxe4 Bb4 19. a3 Ba5 20.
Nd6 Rhf8 21. Nxf7 Rxf7 22. Nxg6+ Ke6 23. f4 exf4 24. Nxf4+ Kf5 25. Rhf1 Kg4 26. Rd6 Rh7 27. Rg6+ Kf5 28. g4+ Ke4 29. Re6+ 1-0

[Event "Junior-SM 2025"]
[Site "Uppsala, Sweden"]
[Date "2025.07.01"]
[Round "4.3"]
[White "Nilsson, Oliver"]
[Black "Seo, Jung Hyun"]
[Result "1-0"]
[TimeControl "90 min for 40 move + 30 min with an increment of 30 sec starting move 1"]
[WhiteFideId "1730177"]
[BlackFideId "1735667"]
[WhiteElo "2129"]
[BlackElo "2153"]

1. e4 e5 2. Nf3 Nc6 3. Bc4 Nf6 4. Ng5 d5 5. exd5 Na5 6. Bb5+ c6 7. dxc6 bxc6 8. Qf3 Be7 9. Bd3 h6 10.
Ne4 Nd5 11. Ng3 O-O 12. Bf5 Bb7 13. d3 Rb8 14. O-O c5 15. Be4 Kh8 16. Nf5 Nf4 17. Bxf4 exf4 18. Nxe7 Qxe7 19. Bxb7 Rxb7 20.
b3 Qe5 21. Nd2 Re7 22. Qe4 Qc7 23. Qf5 Re2 24. Rad1 Rfe8 25. c4 Nb7 26. Ne4 Rxa2 27. Nc3 Rb2 28. Rfe1 Rxe1+ 29. Rxe1 Nd6 30.
Qxf4 Rxb3 31. Nd5 Qb8 32. h3 Rb1 33. Rxb1 Qxb1+ 34. Kh2 Ne8 35. Qxf7 Qb8+ 36. g3 Qe5 37. Ne7 Nf6 1-0

[Event "Junior-SM 2025"]
[Site "Uppsala, Sweden"]
[Date "2025.07.01"]
[Round "4.4"]
[White "Wernber, Hugo"]
[Black "Religa, Marek"]
[Result "1/2-1/2"]
[TimeControl "90 min for 40 move + 30 min with an increment of 30 sec starting move 1"]
[WhiteTitle "FM"]
[WhiteFideId "1737511"]
[BlackFideId "1750208"]
[WhiteElo "2247"]
[BlackElo "2228"]

1. e4 g6 2. d4 Bg7 3. Nf3 d6 4. Be3 Nf6 5. Nc3 O-O 6. h3 a6 7. a4 Nc6 8. d5 Na7 9. Qd2 c5 10.
dxc6 Nxc6 11. Be2 Qa5 12. O-O Bd7 13. Nd4 Nxd4 14. Qxd4 Bc6 15. Qd2 Qc7 16. Nd5 Qd8 17. f3 Nd7 18.
Rfb1 a5 19. Nc3 Rc8 20. Nb5 Ne5 21. Na7 Ra8 22. Ra3 f5 23. f4 Nd7 1/2-1/2

[Event "Junior-SM 2025"]
[Site "Uppsala, Sweden"]
[Date "2025.07.01"]
[Round "4.5"]
[White "Grahn, Vidar"]
[Black "Karlsson, Stefan"]
[Result "1/2-1/2"]
[TimeControl "90 min for 40 move + 30 min with an increment of 30 sec starting move 1"]
[WhiteTitle "FM"]
[WhiteFideId "1744780"]
[BlackFideId "1771183"]
[WhiteElo "2239"]
[BlackElo "2126"]

1. e4 c5 2. Nf3 d6 3. d4 cxd4 4. Nxd4 Nf6 5. Nc3 Nc6 6. Bg5 e6 7. Qd2 a6 8. O-O-O Bd7 9. f3 Nxd4 10.
Qxd4 Be7 11. Kb1 Qc7 12. h4 b5 13. Qd2 b4 14. Ne2 a5 15. c4 e5 16. Ng3 h6 17. Bxf6 Bxf6 18. Nh5 Ke7 19.
g4 g5 20. Nxf6 Kxf6 21. hxg5+ hxg5 22. Rxh8 Rxh8 23. Qxd6+ Qxd6 24. Rxd6+ Ke7 25. Rd1 Rh2 26. c5 Rf2 27. Ba6 Rxf3 28.
Bb7 Rf6 29. Rd5 Be6 30. Rd1 Bxg4 31. Rg1 Rf4 32. Kc2 Bf3 33. Kd3 Rg4 34. Rxg4 Bxg4 35. a3 bxa3 36. bxa3 Kd7 37. Ke3 Kc7 38.
Ba8 Bc8 39. Bd5 Be6 40. Ba8 Bb3 41. Kf3 Bd1+ 42. Kg3 Ba4 43. Bd5 Bc6 44. Bxf7 Bxe4 45. Be8 Bc6 46. Bg6 Kd7 47. Kg4 e4 48.
Kxg5 e3 49. Bd3 Bf3 50. Kf4 e2 51. Bxe2 Bxe2 52. Ke3 Bb5 53. c6+ Kxc6 54. Kd4 Ba4 55. Kc3 Kc5 56. Kb2 Kc4 57. Ka1 Kc3 58.
Ka2 Kc2 59. Ka1 Kc1 60. Ka2 Bd1 61. a4 Kc2 62. Ka1 Bh5 63. Ka2 Be8 64. Ka1 Bf7 1/2-1/2

[Event "Junior-SM 2025"]
[Site "Uppsala, Sweden"]
[Date "2025.06.30"]
[Round "3.3"]
[White "Religa, Marek"]
[Black "Ral Lustig, Melvin"]
[Result "1/2-1/2"]
[TimeControl "90 min for 40 move + 30 min with an increment of 30 sec starting move 1"]
[BlackTitle "CM"]
[WhiteFideId "1750208"]
[BlackFideId "1764195"]
[WhiteElo "2228"]
[BlackElo "2233"]

1. e4 e5 2. Nf3 Nc6 3. Nc3 Nf6 4. g3 Bb4 5. Bg2 d6 6. O-O Bxc3 7. bxc3 Nxe4 8. Nxe5 Nxe5 9. Bxe4 O-O 10.
d4 Nd7 11. Rb1 Nb6 12. c4 c6 13. Qd3 h6 14. c5 dxc5 15. dxc5 Qxd3 16. Bxd3 Nd7 17. Be3 Ne5 18. Be2 Re8 19.
Bd4 Re7 20. f4 Bg4 21. Bxg4 Nxg4 22. Rb3 Rd8 23. Rd3 Red7 24. Rfd1 h5 25. h3 Nh6 26. Bf2 Rxd3 27. cxd3 Nf5 28.
Kg2 Ne7 29. Rb1 Rd7 30. Rb3 Nd5 31. Kf3 f5 1/2-1/2

[Event "Junior-SM 2025"]
[Site "Uppsala, Sweden"]
[Date "2025.06.30"]
[Round "3.4"]
[White "Seo, Jung Hyun"]
[Black "Karlsson, Stefan"]
[Result "1/2-1/2"]
[TimeControl "90 min for 40 move + 30 min with an increment of 30 sec starting move 1"]
[WhiteFideId "1735667"]
[BlackFideId "1771183"]
[WhiteElo "2153"]
[BlackElo "2126"]

1. e4 c5 2. Nf3 d6 3. d4 cxd4 4. Nxd4 Nf6 5. Nc3 Nc6 6. f3 e5 7. Nb3 Be6 8. Nd5 Be7 9. Be3 O-O 10.
Qd2 a5 11. c4 a4 12. Nc1 b5 13. cxb5 Bxd5 14. exd5 Nd4 15. Bxd4 exd4 16. Bc4 Qc8 17. b3 axb3 18. Bxb3 Bd8 19.
O-O Ba5 20. Qd3 Re8 21. Rb1 Qb7 22. Kh1 Rac8 23. Qxd4 Qxb5 24. Qd3 Qc5 25. Ne2 Re3 26. Qd1 Rce8 27. Ng3 Re1 28. Qd3 h5 29.
Rbxe1 Rxe1 30. Rxe1 Bxe1 31. Ne4 1/2-1/2

[Event "Junior-SM 2025"]
[Site "Uppsala, Sweden"]
[Date "2025.06.30"]
[Round "3.5"]
[White "Wernber, Hugo"]
[Black "Grahn, Vidar"]
[Result "1-0"]
[TimeControl "90 min for 40 move + 30 min with an increment of 30 sec starting move 1"]
[WhiteTitle "FM"]
[BlackTitle "FM"]
[WhiteFideId "1737511"]
[BlackFideId "1744780"]
[WhiteElo "2247"]
[BlackElo "2239"]

1. f4 d5 2. Nf3 g6 3. e3 Bg7 4. c4 Nf6 5. cxd5 Nxd5 6. d4 O-O 7. e4 Nb6 8. Be2 Bg4 9. e5 Nc6 10.
Be3 Nd5 11. Bc1 e6 12. Nc3 Nde7 13. O-O Qd7 14. Be3 Nf5 15. Bf2 Rad8 16. Qd3 Bxf3 17. Bxf3 Nfxd4 18. Be4 Qe7 19. Qc4 a6 20.
Bxc6 b5 21. Bxb5 axb5 22. Nxb5 Nxb5 23. Qxb5 Rd5 24. Qc4 Rb8 25. a4 Rxb2 26. a5 c5 27. a6 Qa7 28. Rfb1 Rxb1+ 29. Rxb1 Bf8 30.
h4 Rd7 31. Qa4 Rc7 32. Qe8 Re7 33. Qb5 Rc7 34. Qe8 Re7 35. Qb8 Kg7 36. h5 gxh5 37. Qd8 Qd7 38. Qa5 Qd3 39. Ra1 Ra7 40.
Qb6 Ra8 41. a7 Qe4 42. Qb8 Qc6 43. Rb1 h4 44. Rb7 h3 45. gxh3 Qf3 46. Qxa8 Qd1+ 47. Kh2 Qd2 48. Rb2 1-0

[Event "Junior-SM 2025"]
[Site "Uppsala, Sweden"]
[Date "2025.06.30"]
[Round "3.1"]
[White "Frank, Anton"]
[Black "Valcu, Lavinia"]
[Result "0-1"]
[TimeControl "90 min for 40 move + 30 min with an increment of 30 sec starting move 1"]
[WhiteTitle "CM"]
[WhiteFideId "1752383"]
[BlackFideId "1752197"]
[WhiteElo "2183"]
[BlackElo "2127"]

1. e4 e5 2. Nf3 Nc6 3. Bc4 Nf6 4. d3 Bc5 5. Bg5 h6 6. Bh4 d6 7. c3 g5 8. Bg3 a5 9. Nbd2 Bg4 10.
h3 Bd7 11. O-O Qc8 12. Re1 g4 13. d4 exd4 14. e5 Nh5 15. exd6+ Kf8 16. Ne4 Bb6 17. Bh2 f5 18. Ne5 fxe4 19.
Ng6+ Kg7 20. Nxh8 Be6 21. Bxe6 Qxe6 22. Qxg4+ Qxg4 23. hxg4 Nf6 24. cxd4 cxd6 25. Bxd6 Bxd4 26. Bg3 Rxh8 27. Bh4 Re8 28. g5 hxg5 29.
Bxg5 Nb4 30. Rac1 Nd3 31. Rc7+ Kg6 32.
Bxf6 Bxf2+ 33. Kf1 Bxe1 34. Bd4 b5 35. Rg7+ Kh6 36. Rb7 Bf2 37. Rb6+ Kh7 38. Rb7+ Kg8 39. Bxf2 Rf8 40. Ke2 Rxf2+ 41. Ke3 Rxb2 42. Rb8+ Kf7 43. Kxe4 Nf2+ 44. Kf5 Ke7 45. a4 b4 46. Rb5 Nd1 47. Rxa5 Rf2+ 48. Ke5 b3 49. Ra7+ Kd8 50.
Ke6 Re2+ 51. Kd6 Rd2+ 52. Ke6 b2 53. Rb7 Nc3 54. Rb8+ Kc7 55. Rb3 b1=Q 56. Rxb1 Nxb1 57. g4 Rg2 58.
Kf5 Nc3 59. g5 Ne4 0-1

[Event "Junior-SM 2025"]
[Site "Uppsala, Sweden"]
[Date "2025.06.30"]
[Round "3.2"]
[White "Sandberg, Lucas"]
[Black "Nilsson, Oliver"]
[Result "0-1"]
[TimeControl "90 min for 40 move + 30 min with an increment of 30 sec starting move 1"]
[WhiteFideId "1773712"]
[BlackFideId "1730177"]
[WhiteElo "2243"]
[BlackElo "2129"]

1. d3 d5 2. Nd2 g6 3. g3 Bg7 4.
Bg2 c5 5. Ngf3 Nc6 6. O-O Nf6 7. e4 O-O 8. Re1 e5 9. c3 h6 10. Qc2 Re8 11. a4 Be6 12. exd5 Bxd5 13. Ne4 c4 14.
Nxf6+ Qxf6 15. dxc4 Bxf3 0-1

[Event "Junior-SM 2025"]
[Site "Uppsala, Sweden"]
[Date "2025.06.29"]
[Round "2.1"]
[White "Nilsson, Oliver"]
[Black "Frank, Anton"]
[Result "0-1"]
[TimeControl "90 min for 40 move + 30 min with an increment of 30 sec starting move 1"]
[BlackTitle "CM"]
[WhiteFideId "1730177"]
[BlackFideId "1752383"]
[WhiteElo "2129"]
[BlackElo "2183"]

1. e4 e5 2. Nf3 Nc6 3. Bc4 Nf6 4.
d4 exd4 5. e5 d5 6. Bb5 Ne4 7. Nxd4 Bd7 8. Bxc6 bxc6 9. O-O Bc5 10. f3 Ng5 11. f4 Ne6 12. c3 g6 13. Kh1 Be7 14.
c4 dxc4 15. Nc3 O-O 16. f5 Nxd4 17. f6 Bc5 18. Ne4 Ne6 19. Qd2 Kh8 20. Qh6 Rg8 21. Rf3 g5 22. Rh3 Nf8 23. Nxg5 Rg6 24.
Nxf7+ Kg8 25. Nxd8 Rxh6 26. f7+ Kh8 27. Rxh6 Rxd8 28. Bg5 Kg7 29. Rf1 Rb8 30. Rhf6 Bd4 31. Bh6+ Kh8 32. Bxf8 Rxf8 33.
e6 Bxf6 34. Rxf6 Kg7 0-1

[Event "Junior-SM 2025"]
[Site "Uppsala, Sweden"]
[Date "2025.06.29"]
[Round "2.2"]
[White "Valcu, Lavinia"]
[Black "Religa, Marek"]
[Result "1/2-1/2"]
[TimeControl "90 min for 40 move + 30 min with an increment of 30 sec starting move 1"]
[WhiteFideId "1752197"]
[BlackFideId "1750208"]
[WhiteElo "2127"]
[BlackElo "2228"]

1. e4 e5 2. Nf3 Nc6 3. Bb5 a6 4. Ba4 d6 5. O-O Bg4 6. h3 h5 7. Bxc6+ bxc6 8. d4 Bxf3 9. Qxf3 exd4 10.
e5 Qd7 11. Bf4 d5 12. Qd3 c5 13. c3 Ne7 14. cxd4 Qf5 15. Qxf5 Nxf5 16. dxc5 Bxc5 17. Nc3 c6 18. Rac1 Ba7 19. Rfd1 Rg8 20. g4 hxg4 21. hxg4 g5 22. Bh2 Nh6 23.
Na4 Rg6 24. Nc5 Nxg4 25. Bg3 Nh6 26. Kg2 Bxc5 27. Rxc5 Nf5 28. b4 Rb8 29. a3 Rb5 30. Rh1 Re6 31. Rh8+ Kd7 32. Rc2 a5 33.
bxa5 Rxa5 34. Rb2 Rb5 35. Rxb5 cxb5 36.
Rb8 Kc6 37. Rc8+ Kb6 38. Rb8+ Kc5 39. f4 Nxg3 40. Kxg3 gxf4+ 41. Kxf4 Ra6 42. Rb7 Rxa3 43. Rxf7 Ra1 44. Rc7+ Kb6 45.
Rc8 Re1 46. Kf5 d4 47. e6 d3 48. Rd8 Re3 49. Kf6 Rf3 50. Kg7 Rg3+ 51. Kf7 Rf3+ 52. Kg7 Rg3+ 53. Kf7 Rf3+ 1/2-1/2

[Event "Junior-SM 2025"]
[Site "Uppsala, Sweden"]
[Date "2025.06.29"]
[Round "2.3"]
[White "Karlsson, Stefan"]
[Black "Sandberg, Lucas"]
[Result "0-1"]
[TimeControl "90 min for 40 move + 30 min with an increment of 30 sec starting move 1"]
[WhiteFideId "1771183"]
[BlackFideId "1773712"]
[WhiteElo "2126"]
[BlackElo "2243"]

1. e4 Nc6 2. Nc3 g6 3. d4 Bg7 4.
Be3 d6 5. Qd2 e5 6. Nge2 Nf6 7. d5 Ne7 8. Bh6 O-O 9. f3 c6 10. dxc6 bxc6 11. O-O-O d5 12. Kb1 Qc7 13. Nc1 d4 14.
Bxg7 Kxg7 15. Na4 c5 16. b3 Be6 17. Nb2 Nc8 18. Bc4 Bxc4 19. Nxc4 Nb6 20. Qa5 Rfc8 21. Qa6 Nfd7 22. Nd3 Nxc4 23. Qxc4 Nb6 24. Qb5 f6 25.
Nb2 c4 26. Nxc4 Nxc4 27. Qxc4 Qxc4 28. bxc4 Rab8+ 29. Ka1 Rxc4 30. Rd2 Rbc8 31. Kb2 a5 32. Rb1 Kh6 33. Kc1 Ra4 34. Rb2 Ra3 35.
Kb1 Rac3 36. Rb3 Kg5 37. g3 a4 38. Rxc3 Rxc3 39. Rd3 f5 40. exf5 gxf5 41. Kc1 Rc4 42. f4+ exf4 43. gxf4+ Kxf4 44.
Rh3 Rc7 45. Kd2 Ke4 46. Rh6 f4 47. Re6+ Kf3 48. Ra6 Rc4 49. Kd3 Rc3+ 50. Kxd4 Rxc2 51. Rxa4 Rxh2 52. Ra3+ Kg4 53. Ra7 h5 54.
a4 h4 55. a5 h3 56. Rg7 Kf3 57. a6 Ra2 58. a7 h2 59. Rh7 Rxa7 60. Rxh2 Re7 61. Rh8 Kf2 62. Kd3 f3 63. Rh2+ Kg1 64.
Rh8 f2 65. Rg8+ Kf1 66. Ra8 Rg7 67. Re8 0-1

[Event "Junior-SM 2025"]
[Site "Uppsala, Sweden"]
[Date "2025.06.29"]
[Round "2.4"]
[White "Ral Lustig, Melvin"]
[Black "Wernber, Hugo"]
[Result "1/2-1/2"]
[TimeControl "90 min for 40 move + 30 min with an increment of 30 sec starting move 1"]
[WhiteTitle "CM"]
[BlackTitle "FM"]
[WhiteFideId "1764195"]
[BlackFideId "1737511"]
[WhiteElo "2233"]
[BlackElo "2247"]

1. Nf3 d5 2. e3 Nf6 3. c4 c6 4. Nc3 e6 5. d4 Nbd7 6. Be2 dxc4 7. a4 Bd6 8. Nd2 e5 9. Nxc4 Bc7 10.
b3 O-O 11. Ba3 Re8 12. O-O Nd5 13. Nxd5 cxd5 14. Nd6 Re6 15. Nb5 Bb8 16. dxe5 Nxe5 17. Rc1 Nc6 18. g3 Re8 19. Bf3 Be6 20.
Nd4 Qd7 21. Qd2 Nxd4 22. Qxd4 f6 23. Rfd1 Be5 24. Qd3 Red8 25. Bc5 b6 26. Bd4 Rac8 27. Qd2 Bb8 28. Qb2 Rxc1 29. Qxc1 Bd6 1/2-1/2

[Event "Junior-SM 2025"]
[Site "Uppsala, Sweden"]
[Date "2025.06.29"]
[Round "2.5"]
[White "Grahn, Vidar"]
[Black "Seo, Jung Hyun"]
[Result "1/2-1/2"]
[TimeControl "90 min for 40 move + 30 min with an increment of 30 sec starting move 1"]
[WhiteTitle "FM"]
[WhiteFideId "1744780"]
[BlackFideId "1735667"]
[WhiteElo "2239"]
[BlackElo "2153"]

1. e4 e5 2. Nf3 Nc6 3. Bb5 a6 4. Ba4 Nf6 5. O-O Be7 6. Re1 b5 7. Bb3 O-O 8. Nc3 d6 9. h3 Na5 10.
d3 h6 11. Be3 Bb7 12. Nd2 Nxb3 13. axb3 d5 14. d4 b4 15. Nxd5 Nxd5 16. exd5 Qxd5 17. Nf3 exd4 18. Qxd4 Qh5 19.
Qg4 Qxg4 20. hxg4 Rfe8 21. Red1 Bd6 22. Nd2 Bc8 23. Nc4 Bxg4 24. Nxd6 cxd6 1/2-1/2

[ePGN "0.1;DGT LiveChess/2.2.7"]

[Event "Junior-SM 2025"]
[Site "Uppsala, Sweden"]
[Date "2025.06.28"]
[Round "1.1"]
[White "Religa, Marek"]
[Black "Nilsson, Oliver"]
[Result "1/2-1/2"]
[TimeControl "90 min for 40 move + 30 min with an increment of 30 sec starting move 1"]
[WhiteFideId "1750208"]
[BlackFideId "1730177"]
[WhiteElo "2228"]
[BlackElo "2129"]

1. c4 e5 2. Nc3 d6 3. g3 f5 4. Bg2 Nf6 5. d3 Be7 6. Nf3 O-O 7. O-O Qe8 8. Rb1 a5 9. a3 h6 10.
b4 axb4 11. axb4 Be6 12. Ne1 c6 13. b5 f4 14. bxc6 bxc6 15. Qb3 Qh5 16. Qb7 Nbd7 17. Qxc6 Rac8 18. Qa4 Bh3 19. f3 d5 20.
g4 Qh4 21. Nxd5 Nxd5 22. cxd5 Bc5+ 23.
Kh1 Nf6 24. Bd2 Kh8 25. Bxh3 Qxh3 26. Ng2 h5 27. Bxf4 hxg4 28. Bxe5 Rce8 29. Bxf6 Bd6 30. Nf4 Qh6 31. fxg4 Rxe2 32.
Bxg7+ Kxg7 33. Nh5+ Kh8 34. Qa7 Rxh2+ 35. Kg1 Rxh5 36. Rxf8+ Qxf8 37. Qe3 Qg8 38. Qd4+ Be5 39. Qe4 Rg5 40. Qh1+ Qh7 41. Qxh7+ Kxh7 42. Rb7+ Kg8 43. Rb4 Bd6 44.
Re4 Rxd5 45. d4 Bc7 46.
Kf2 Kf7 1/2-1/2

[Event "Junior-SM 2025"]
[Site "Uppsala, Sweden"]
[Date "2025.06.28"]
[Round "1.2"]
[White "Frank, Anton"]
[Black "Karlsson, Stefan"]
[Result "1-0"]
[TimeControl "90 min for 40 move + 30 min with an increment of 30 sec starting move 1"]
[WhiteTitle "CM"]
[WhiteFideId "1752383"]
[BlackFideId "1771183"]
[WhiteElo "2183"]
[BlackElo "2126"]

1. e4 c5 2. Nf3 d6 3. d4 cxd4 4. Nxd4 Nf6 5. Nc3 Nc6 6. Bg5 g6 7. Bxf6 exf6 8. Bb5 Bd7 9. Qd2 Bg7 10.
O-O-O O-O 11. Nb3 a6 12. Bxc6 Bxc6 13. Qxd6 Qxd6 14. Rxd6 f5 15. exf5 Bxg2 16. Rg1 Bc6 17. Rd3 Rad8 18.
Rgd1 Bh6+ 19. Kb1 Rxd3 20. cxd3 Bf3 21. Re1 Rd8 22. fxg6 hxg6 23. Kc2 Bf4 24. h4 Kg7 25. Rg1 f5 26.
Nd2 Bh5 27. Re1 Kf6 28. a4 Bc7 29. b4 Rd4 30. Nb3 Rd6 31. Nc5 Bf3 32. Re3 Bg2 33. f3 Bb6 34. d4 Kf7 35. d5 a5 36.
Nxb7 Bxe3 37. Nxd6+ Ke7 38. Nc4 Bf2 39. Nxa5 Bxf3 40. Nc4 Bxh4 41. a5 Bf6 42. a6 Bxc3 43. d6+ Kd7 44. Kxc3 g5 45.
Ne5+ Kxd6 46. Nxf3 g4 47. a7 1-0

[Event "Junior-SM 2025"]
[Site "Uppsala, Sweden"]
[Date "2025.06.28"]
[Round "1.3"]
[White "Wernber, Hugo"]
[Black "Valcu, Lavinia"]
[Result "1/2-1/2"]
[TimeControl "90 min for 40 move + 30 min with an increment of 30 sec starting move 1"]
[WhiteTitle "FM"]
[WhiteFideId "1737511"]
[BlackFideId "1752197"]
[WhiteElo "2247"]
[BlackElo "2127"]

1. e4 e5 2. Nf3 Nc6 3. Nc3 Nf6 4. d4 exd4 5. Nxd4 Bb4 6. Nxc6 bxc6 7. Bd3 d5 8. exd5 cxd5 9. O-O O-O 10.
Bg5 c6 11. Qf3 Be7 12. Rfe1 h6 13. Bxh6 gxh6 14. Qe3 Bd6 15. Qxh6 Re8 16. Rxe8+ Qxe8 17. Qxf6 Qe5 18. Qh6 Be6 19.
Bh7+ Kh8 20. Bf5+ Kg8 21. Qh7+ Kf8 22. Bxe6 fxe6 23. Kf1 Qf6 24. Re1 Bc5 25. Nd1 Re8 26. Qd7 e5 27. Ne3 Re7 28.
Qc8+ Re8 29. Qf5 Kf7 30. Qh7+ Qg7 31. Qxg7+ Kxg7 32. g4 e4 33. Kg2 Kf6 34. h4 Ke5 35. Kg3 Bxe3 36. fxe3 Rf8 37.
g5 c5 38. Kg4 d4 39. exd4+ cxd4 40. g6 e3 41. h5 Rf2 42. c3 Ke4 43. cxd4 Rg2 44. Kh3 Rg5 45. Kh4 Rg2 46. d5 Kf4 47.
Kh3 Rg3+ 48. Kh4 Rg4 49. Kh3 Rg3+ 50. Kh4 Rg4 51. Kh3 1/2-1/2

[Event "Junior-SM 2025"]
[Site "Uppsala, Sweden"]
[Date "2025.06.28"]
[Round "1.4"]
[White "Sandberg, Lucas"]
[Black "Seo, Jung Hyun"]
[Result "1/2-1/2"]
[TimeControl "90 min for 40 move + 30 min with an increment of 30 sec starting move 1"]
[WhiteFideId "1773712"]
[BlackFideId "1735667"]
[WhiteElo "2243"]
[BlackElo "2153"]

1. Nc3 e5 2. d4 exd4 3. Qxd4 Nc6 4. Qd3 Nf6 5. Bg5 h6 6. Qe3+ Qe7 7. Bxf6 Qxe3 8. fxe3 gxf6 9. O-O-O Bd6 10.
Nd5 Be5 11. Nf3 Kd8 12. Nxe5 fxe5 13.
e4 d6 14. g3 Be6 15. Bg2 Ne7 16. Ne3 Kd7 17. Rhf1 c6 18. Rf6 Ng8 19. Rf2 Ne7 20. c4 Kc7 21. b3 a5 22. Kb2 Rad8 23.
a3 Rhf8 24. Rdf1 Kb8 25. Rd1 Kc7 26. Rf6 Ng8 27. Rf2 Ne7 28. Kc3 Ra8 29. Rd3 Rad8 30. Rf6 Ng8 31. Rf1 Ne7 32. Rdd1 Ra8 33.
Rf6 Ng8 34. Rf2 Ne7 35. Rdf1 Rad8 36. Bf3 Bh3 37. Bg2 Be6 38. Nc2 Ra8 39. Ne1 b5 40. cxb5 cxb5 41. Kb2 b4 42. axb4 Nc6 43.
Nc2 Rfb8 44. Rc1 Kd7 45. Ne3 Nxb4 46. Nd5 a4 47. Rc4 Nc6 48. Nf6+ Kc7 49. Nd5+ Kd7 50. Nf6+ 1/2-1/2

[Event "Junior-SM 2025"]
[Site "Uppsala, Sweden"]
[Date "2025.06.28"]
[Round "1.5"]
[White "Ral Lustig, Melvin"]
[Black "Grahn, Vidar"]
[Result "1/2-1/2"]
[TimeControl "90 min for 40 move + 30 min with an increment of 30 sec starting move 1"]
[WhiteTitle "CM"]
[BlackTitle "FM"]
[WhiteFideId "1764195"]
[BlackFideId "1744780"]
[WhiteElo "2233"]
[BlackElo "2239"]

1. c4 g6 2. Nf3 Bg7 3. Nc3 Nf6 4. e4 e5 5. Nxe5 Qe7 6. d4 d6 7. Nf3 Nxe4 8. Nd5 Qd8 9. Bd3 Nf6 10.
Qe2+ Kf8 11. Nc3 Qe7 12. Be3 c6 13. h3 d5 14. O-O Be6 15. b3 Nbd7 16. Rfe1 Re8 17. Bf4 Qd8 18. Qb2 Kg8 19.
Re2 Nf8 20. Rae1 Bc8 21. Rxe8 Nxe8 22. Qa3 Ne6 23. Be5 a6 24. b4 Bxe5 25. Rxe5 Nf6 26. cxd5 Nf4 27. Bc4 cxd5 28. Bb3 Qd6 29.
Re3 Kg7 30. Ne5 Bf5 31. Rf3 Ne6 32. Ne2 Rc8 33. Re3 Qb6 34. g4 Be4 35. Qa5 Qd6 36. Nd3 h5 37. Nc5 hxg4 38. Nxe4 dxe4 39.
Qe5 Qxe5 40. dxe5 Nd7 41. Bxe6 fxe6 42. Rxe4 gxh3 43. Nf4 Rc1+ 1/2-1/2